 Dungeon Crawl Stone Soup version 0.17.1-1-g73c8601 (webtiles) character file.

246 Mysteryquy the Ruffian (level 5, -2/54 HPs)
             Began as a Troll Monk on Jan 6, 2016.
             Was a Believer of Okawaru.
             Slain by a centaur zombie (4 damage)
             ... in an ossuary.
             The game lasted 00:05:18 (2611 turns).

Mysteryquy the Ruffian (Troll Monk)                 Turns: 2611, Time: 00:05:19

Health: -2/54      AC:  5    Str: 20    XL:     5   Next: 84%
Magic:  4/4        EV: 10    Int:  6    God:    Okawaru [**....]
Gold:   185        SH:  0    Dex: 12    Spells: 0 memorised, 4 levels left

rFire  . . .     SeeInvis .       - Unarmed
rCold  . . .     Clarity  .     a - +0 robe
rNeg   . . .     SustAt   .     (no shield)
rPois  .         Gourm    +     (helmet restricted)
rElec  .         Spirit   .     (no cloak)
rCorr  .         Warding  .     (gloves unavailable)
rMut   .         Stasis   .     (boots unavailable)
MR     .....                    (no amulet)
Stlth  +.........               (no ring)
                                (no ring)

@: not resistant to hostile enchantments, very unstealthy
A: unfitting armour, claws 3, fast metabolism 3, gourmand, regeneration 2,
shaggy fur 1, tough skin 2
a: Heroism, Renounce Religion


You were in an ossuary.
You worshipped Okawaru.
Okawaru was pleased with you.
You were full.

You visited 1 branch of the dungeon, and saw 4 of its levels.
You also visited: Ossuary.

You collected 185 gold pieces.

Inventory:

Armour
 a - a +0 robe (worn)
 i - a +0 pair of boots
Jewellery
 u - an uncursed ring of flight {unknown}
 v - an uncursed amulet of the gourmand {unknown}
 x - an uncursed ring of fire {unknown}
Wands
 y - a wand of draining (11)
Scrolls
 c - 3 scrolls of remove curse {unknown}
 d - 3 scrolls of magic mapping {unknown}
 e - a scroll of amnesia {unknown}
 g - 5 scrolls of identify {unknown}
 l - 2 scrolls of noise {unknown}
 n - a scroll of blinking {unknown}
 q - 2 scrolls of fear {unknown}
 t - a scroll of enchant armour {unknown}
 w - a scroll of enchant weapon {unknown}
Potions
 f - a potion of mutation {unknown}
 h - a potion of ambrosia {unknown}
 j - 4 potions of cure mutation {unknown}
 o - 3 potions of curing {unknown}
 p - 3 potions of heal wounds {unknown}
 r - a potion of flight {unknown}
 s - a potion of poison {unknown}
Comestibles
 b - 4 bread rations
 k - 3 meat rations
 m - a beef jerky


   Skills:
 + Level 4.0 Fighting
 - Level 2.4 Dodging
 - Level 1.1 Stealth
 + Level 6.0 Unarmed Combat


You had 4 spell levels left.
You didn't know any spells.

Dungeon Overview and Level Annotations

Branches:
Dungeon (4/15)             Temple (0/1) D:4

Altars:
Ashenzari
Dithmenos
Elyvilon
Okawaru
Sif Muna
Xom
Yredelemnul


Innate Abilities, Weirdness & Mutations

You are too large for most types of armour.
You have claws for hands.
Your metabolism is lightning-fast.
You like to eat raw meat.
You heal very quickly.
You are covered in fur (AC +1).
You have very tough skin (AC +2).


Message History

The centaur zombie barely misses you. The centaur zombie hits you.
The mummy barely misses you.
You scratch the mummy.
The mummy is heavily damaged.
The centaur zombie hits you but does no damage.
The centaur zombie barely misses you. The centaur zombie closely misses you.
You barely miss the mummy.
The mummy is heavily damaged.
The centaur zombie closely misses you. The mummy hits you!
* * * LOW HITPOINT WARNING * * *
The centaur zombie hits you.
* * * LOW HITPOINT WARNING * * *
You scratch the mummy but do no damage.
The mummy is heavily damaged.
The centaur zombie hits you.
* * * LOW HITPOINT WARNING * * *
The centaur zombie hits you.
* * * LOW HITPOINT WARNING * * *
The centaur zombie hits you.
You die...

####################
...................#
...................#
.......8..8........#
...................#
..######..######...#
#Z. #..# #...# #M#
#..# #...#
#@####..####.#...#
#ZZ..........#...#
#.####.......#...#
#.# #.......#...#
#.. #.......#...#
### #.∩.....#...#
....+####...# #...#
#...# #...# #...#


You could see a mummy, a kobold zombie and 2 centaur zombies.

Vanquished Creatures
  A gnoll shaman (D:4)
  2 worker ants (D:4)
  7 gnolls
  5 adders
  A worm (D:3)
  An orc (D:3)
  A ball python (D:3)
  3 bats
  4 giant cockroaches
  5 goblins
  10 hobgoblins
  4 jackals (D:4)
  5 kobolds
  3 quokkas
  3 giant newts
  5 hobgoblin zombies (Ossuary)
  A jackal skeleton (D:4)
  4 kobold zombies (Ossuary)
  6 orc zombies (Ossuary)
  4 rats
75 creatures vanquished.

Notes
Turn   | Place    | Note
--------------------------------------------------------------
     0 | D:1      | Mysteryquy the Troll Monk began the quest for the Orb.
     0 | D:1      | Reached XP level 1. HP: 22/22 MP: 0/0
   258 | D:1      | Reached XP level 2. HP: 22/29 MP: 1/1
   833 | D:2      | Reached XP level 3. HP: 36/36 MP: 2/2
  1091 | D:2      | Found an iron altar of Okawaru.
  1127 | D:2      | Became a worshipper of Warmaster Okawaru
  1127 | D:2      | Reached * piety under Okawaru
  1127 | D:2      | Reached ** piety under Okawaru
  1443 | D:3      | Reached XP level 4. HP: 45/45 MP: 3/3
  1473 | D:3      | Reached skill level 5 in Unarmed Combat
  1522 | D:3      | Found a shadowy altar of Dithmenos.
  1859 | D:4      | Found a staircase to the Ecumenical Temple.
  1883 | D:4      | Reached XP level 5. HP: 45/53 MP: 4/4
  1886 | D:4      | Found a shattered altar of Ashenzari.
  2010 | D:4      | Found a deep blue altar of Sif Muna.
  2011 | D:4      | Found a shimmering altar of Xom.
  2036 | D:4      | Found a basalt altar of Yredelemnul.
  2309 | D:4      | Found a white marble altar of Elyvilon.
  2509 | D:4      | Found a sand-covered staircase.
  2515 | Ossuary  | Entered an ossuary
  2524 | Ossuary  | Reached skill level 6 in Unarmed Combat
  2611 | Ossuary  | HP: 2/54 [centaur zombie (3)]
  2611 | Ossuary  | Slain by a centaur zombie

Action                   |  1- 3 |  4- 6 || total
-------------------------+-------+-------++-------
Melee: Unarmed           |    74 |   144 ||   218
 Stab: Sleeping          |     3 |     1 ||     4
  Eat: Chunk             |    17 |     8 ||    25
